 Dungeon Crawl Stone Soup version 0.25-a0-464-g3004169c2b (webtiles) character file.

Game seed: 17861477575512285532, levelgen mode: deterministic

368 LSt the Chopper (level 6, -1/60 HPs)
             Began as a Gargoyle Fighter on Feb 4, 2020.
             Slain by an orc wizard
             ... wielding a +0 dagger
              (3 damage)
             ... on level 4 of the Dungeon.
             The game lasted 00:19:26 (3033 turns).

LSt the Chopper (Gargoyle Fighter)                  Turns: 3033, Time: 00:19:26

Health: -1/60      AC: 11    Str: 26    XL:     6   Next: 69%
Magic:  6/6        EV:  7    Int:  9    God:
Gold:   198        SH:  9    Dex:  9    Spells: 5/5 levels left

rFire    . . .     SeeInvis .   a - +0 war axe
rCold    . . .     Gourm    .   c - +0 shield
rNeg     + . .     Faith    .   b - +0 scale mail
rPois    ∞         Spirit   .   (no helmet)
rElec    +         Reflect  .   (no cloak)
rCorr    .         Harm     .   (no gloves)
MR       .....                  (no boots)
Stlth    ..........             (no amulet)
HPRegen  0.20/turn              (no ring)
MPRegen  0.10/turn              (no ring)

@: berserking, very quick
A: negative energy resistance 1, electricity resistance, unbreathing,
petrification resistance, rot immunity, AC +4
a: no special abilities


You were on level 4 of the Dungeon.
You were not hungry.

You visited 1 branch of the dungeon, and saw 4 of its levels.

You collected 198 gold pieces.

Inventory:

Hand Weapons
 a - a +0 war axe (weapon)
 t - a +0 falchion of electrocution
 u - a +0 spear
Missiles
 l - 44 arrows
 q - 61 stones (quivered)
Armour
 b - a +0 scale mail (worn)
 c - a +0 shield (worn)
Jewellery
 h - an uncursed ring of teleportation
 s - an uncursed ring of ice
Scrolls
 e - 2 scrolls of identify
 g - a scroll of remove curse
 i - 2 scrolls of enchant weapon {unknown}
 j - 2 scrolls of magic mapping {unknown}
 k - a scroll of enchant armour {unknown}
 m - 2 scrolls of noise {unknown}
 o - 2 scrolls of amnesia {unknown}
 v - a scroll of random uselessness {unknown}
 y - 2 scrolls of teleportation {unknown}
Potions
 d - a potion of might
 r - 2 potions of resistance
 w - a potion of flight
 x - a potion of lignification
Comestibles
 f - 5 rations
 n - 2 chunks of flesh


   Skills:
 + Level 4.8 Fighting
 + Level 5.5 Axes
 - Level 3.2 Armour
 - Level 3.2 Shields


You had 5 spell levels left.
You didn't know any spells.
Your spell library was empty.

Dungeon Overview and Level Annotations

Branches:
Dungeon (4/15)
 Temple: D:4-7

Altars:
Fedhas
Wu Jian


Innate Abilities, Weirdness & Mutations

You are resistant to torment.
Your stone body is resilient. (AC +4)
You are immune to poison.
You resist negative energy. (rN+)
You are resistant to electric shocks. (rElec)
You can survive without breathing.
You are immune to petrification.
You are immune to rotting.


Message History

You completely miss something.
The orc priest hits you with a +0 flail.
* * * LOW HITPOINT WARNING * * *
Something hits you.
* * * LOW HITPOINT WARNING * * *
The orc priest hits you but does no damage.
You closely miss the orc priest. x2; You closely miss something.
You feel less confused. Something hits you but does no damage.
The orc priest barely misses you. You block the orc priest's attack.
Unknown command.
You slice the orc priest!!
You kill the orc priest!
You miss something.
Your shield and scale mail prevent you from hitting the orc priest.
Something hits you but does no damage.
You barely miss the orc priest. You miss something. You slash the iguana!
The orc priest hits you but does no damage.
Something hits you.
You die...

## #.. ..
#.#
####o##.####
......)....#
.# #.##.##.#
#.##.##.#
#.......#
#ol.....#
#@##.##.#
#.......#
#.##....#
#.####..# .#
#.##....# .#
#.......#
##.##
#.##.#.##
#...
#......#
.#..#
####.###


You could see an iguana and an orc priest.

Vanquished Creatures
  An orc priest (D:4)
  An iguana (D:4)
  Jessica (D:2)
  2 orc wizards
  Robin (D:2)
  6 gnolls
  3 adders
  4 oozes
  6 worms
  3 dart slugs
  2 leopard geckos
  3 orcs
  4 giant cockroaches
  12 goblins
  9 hobgoblins
  7 jackals
  8 kobolds
  2 quokkas (D:3)
  11 bats
  10 frilled lizards
  9 rats
  A plant (D:1)
106 creatures vanquished.

Notes
Turn   | Place    | Note
-------+----------+-------------------------------------------
     0 | D:1      | LSt the Gargoyle Fighter began the quest for the Orb.
     0 | D:1      | Reached XP level 1. HP: 14/14 MP: 1/1
    45 | D:1      | Reached skill level 2 in Axes
   115 | D:1      | Reached XP level 2. HP: 17/19 MP: 2/2
   385 | D:1      | Reached skill level 3 in Axes
   446 | D:1      | Reached XP level 3. HP: 21/23 MP: 3/3
   911 | D:2      | Noticed Jessica
   919 | D:2      | Killed Jessica
   919 | D:2      | Reached XP level 4. HP: 28/28 MP: 4/4
   975 | D:2      | Reached skill level 4 in Axes
  1262 | D:2      | Noticed Robin
  1278 | D:2      | Killed Robin
  1392 | D:2      | Reached XP level 5. HP: 32/32 MP: 5/5
  1400 | D:2      | Found an ornate altar of the Wu Jian Council.
  1971 | D:3      | Reached skill level 5 in Axes
  2093 | D:3      | Reached XP level 6. HP: 38/38 MP: 6/6
  2416 | D:3      | Found a blossoming altar of Fedhas.
  3030 | D:4      | HP: 2/58 [orc priest/+0 flail (4)]
  3033 | D:4      | Slain by an orc wizard

Levels and vault maps discovered:
D:1:      roderic_crop_circles_arrival_large, layout_basic, st_stairs_13
D:2:      layout_loops_ring, lemuel_round_altar, first_ration, uniq_jessica,
          uniq_robin
D:3:      minmay_angry_zag, layout_rooms, lemuel_doored_altar,
          chequers_serial_rivers_micro_a
D:4:      layout_loops_cross, minmay_temple_entry_wispy

Skill      XL: |  1  2  3  4  5 |
---------------+----------------+-----
Axes           | 2 3 4 5 |  5.5
Fighting       | 4 |  4.8
Armour         | |  3.2
Shields        | |  3.2

Action                   |  1- 3 |  4- 6 || total
-------------------------+-------+-------++-------
Melee: War axe           |   108 |   320 ||   428
Throw: Stone             |       |     3 ||     3
  Use: Scroll            |       |     5 ||     5
       Potion            |       |     1 ||     1
  Eat: Chunk             |       |     8 ||     8
Armor: Scale mail        |    49 |   151 ||   200
Dodge: Dodged            |    29 |    76 ||   105
Block: Shield            |    51 |   123 ||   174

Table legend:
 A = Non-vault XP
 B = Vault XP
 C = Vault XP percentage of total XP
 D = Non-vault monster count
 E = Vault monster count
 F = Vault count percentage of total count
                 A         B        C        D         E       F
            +---------+---------+-------+---------+---------+-------
      Total |     440 |      86 |  16.3 |      87 |      18 |  17.1
            +---------+---------+-------+---------+---------+-------
        D:1 |      42 |       2 |   4.5 |      21 |       1 |   4.5
        D:2 |     145 |      62 |  30.0 |      38 |       8 |  17.4
        D:3 |     114 |      22 |  16.2 |      22 |       9 |  29.0
        D:4 |     139 |       0 |   0.0 |       6 |       0 |   0.0
            +---------+---------+-------+---------+---------+-------
